 Dungeon Crawl Stone Soup version 0.19-a0-1049-g462a813 (webtiles) character file.

162 epen the Ruffian (level 5, -1/46 HPs)
             Began as a Ghoul Chaos Knight on July 31, 2016.
             Killed from afar by a white imp (4 damage)
             ... with a puff of frost
             ... summoned by Xom
             ... on level 4 of the Dungeon.
             The game lasted 00:03:50 (2080 turns).

epen the Ruffian (Ghoul Chaos Knight)               Turns: 2080, Time: 00:03:51

Health: -1/46      AC:  6    Str: 17    XL:     5   Next: 43%
Magic:  4/4        EV: 12    Int:  7    God:    Xom [......]
Gold:   205        SH:  0    Dex:  8    Spells: 0 memorised, 4 levels left

rFire  + . .     SeeInvis .       - Unarmed
rCold  + . .     Gourm    .     o - +2 leather armour {rF+}
rNeg   + + +     Faith    .     (no shield)
rPois  ∞         Spirit   .     (no helmet)
rElec  .         Dismiss  .     (no cloak)
rCorr  .         Reflect  .     (no gloves)
SustAt .         Harm     .     v - +0 pair of boots
MR     .....                    (no amulet)
Stlth  +.........               (no ring)
                                (no ring)

@: rotting, not resistant to hostile enchantments, very unstealthy
A: rotting body, claws 1, carnivore 3, cold resistance 1, negative energy
resistance 3, slow regeneration 1, torment resistance, unbreathing
a: Renounce Religion


You were on level 4 of the Dungeon.
You worshipped Xom.
You were a very special plaything of Xom.
You were not hungry.

You visited 1 branch of the dungeon, and saw 4 of its levels.

You collected 205 gold pieces.

Inventory:

Missiles
 p - 2 throwing nets (quivered)
Armour
 a - a +2 leather armour
 o - a +2 leather armour of fire resistance (worn)
 v - a +0 pair of boots (worn)
Scrolls
 c - a scroll of enchant armour {unknown}
 d - 4 scrolls of immolation {unknown}
 f - 2 scrolls of enchant weapon {unknown}
 h - 2 scrolls of amnesia {unknown}
 i - 4 scrolls of identify {unknown}
 s - a scroll of teleportation {unknown}
 w - a scroll of fog {unknown}
Potions
 e - a potion of berserk rage {unknown}
 g - a potion of magic {unknown}
 j - a potion of flight {unknown}
 k - a potion of invisibility {unknown}
 n - a potion of heal wounds {unknown}
 q - a potion of lignification {unknown}
 r - a potion of haste {unknown}
 t - a potion of mutation {unknown}
 u - a potion of agility {unknown}
Comestibles
 b - 3 meat rations
 m - a slice of pizza


   Skills:
 + Level 4.0 Fighting
 + Level 2.8 Armour
 + Level 2.0 Dodging
 * Level 4.8 Unarmed Combat


You had 4 spell levels left.
You didn't know any spells.

Dungeon Overview and Level Annotations

Branches:
Dungeon (4/15)
 Temple: D:4-7

Altars:

Annotations:
D:3 1 runed door, Sarzael's ghost, amateur DrTm


Innate Abilities, Weirdness & Mutations

Your body is rotting away.
You thrive on raw meat.
You are immune to poison.
You have sharp fingernails.
You are carnivorous and can eat meat at any time.
Your flesh is cold resistant. (rC+)
You are immune to negative energy. (rN+++)
You regenerate slowly when monsters are visible.
You are immune to unholy pain and torment.
You can survive without breathing.


Message History

The white imp barely misses you.
The crimson imp blinks!
You scratch the orc.
You kill the orc!
The orc throws a steel tomahawk.
The steel tomahawk hits you.
* * * LOW HITPOINT WARNING * * *
The white imp gestures at you. The puff of frost hits you! You resist.
* * * LOW HITPOINT WARNING * * *
The crimson imp blinks!
You feel better.
The orc throws a steel tomahawk.
The steel tomahawk hits you.
* * * LOW HITPOINT WARNING * * *
The white imp barely misses you. The orc barely misses you.
Items here: ))) [[[ †† The crimson imp blinks!
The orc hits you with a mace.
* * * LOW HITPOINT WARNING * * *
The white imp gestures at you. The puff of frost hits you! You resist.
You die... "This toy is broken."

#.....# #.....# #.....#
#.....####### ##
.#######...........###
#........................
#....#########........###
#>......o)5..'§..........
#.......@#####...........
#........# #####.....(.
#.?......# #.......
#.#.....## ######## #
#.##### #. #


You could see a white imp and an orc.

Vanquished Creatures
  2 orc wizards (D:4)
  4 adders
  An ooze (D:1)
  A worm (D:2)
  A giant gecko (D:3)
  An orc (D:4)
  12 bats
  3 giant cockroaches
  7 goblins
  7 hobgoblins
  5 jackals
  6 kobolds
  2 quokkas (D:2)
  A ball python (D:4)
  3 giant newts
  3 rats
59 creatures vanquished.

Vanquished Creatures (others)
  An orc (D:3)
  2 fungi (D:3)
3 creatures vanquished.

Grand Total: 62 creatures vanquished

Notes
Turn   | Place    | Note
-------+----------+-------------------------------------------
     0 | D:1      | epen the Ghoul Chaos Knight began the quest for the Orb.
     0 | D:1      | Reached XP level 1. HP: 19/19 MP: 0/0
   102 | D:1      | XOM: divination: detect creatures
   156 | D:1      | XOM: harmless Necr miscast
   189 | D:1      | Reached skill level 1 in Dodging
   189 | D:1      | Reached XP level 2. HP: 25/26 MP: 1/1
   561 | D:1      | XOM: harmless Erth miscast
   679 | D:1      | XOM: harmless Ice miscast
   878 | D:2      | Reached XP level 3. HP: 26/31 MP: 2/2
  1280 | D:2      | XOM: divination: detect creatures
  1364 | D:2      | XOM: divination: magic mapping
  1379 | D:2      | XOM: divination: detect creatures
  1383 | D:2      | Reached XP level 4. HP: 34/39 MP: 3/3
  1652 | D:3      | Found a runed door.
  1690 | D:3      | XOM: smoke on damage
  1749 | D:3      | XOM is BORED!
  1749 | D:3      | XOM: medium Ice miscast
  1771 | D:3      | XOM: mild Ice miscast
  1786 | D:3      | Noticed Sarzael's ghost (amateur DrTm)
  2064 | D:4      | Reached XP level 5. HP: 34/45 MP: 4/4
  2066 | D:4      | XOM: summons 2 hostile demons
  2080 | D:4      | Killed from afar by a white imp

Vault maps used:
D:1:      enne_arrival_octagon_isle, hangedman_decor_points, minmay_crystal_room
D:2:      first_bread, kennysheep_nub, minmay_tree_intersection
D:3:      lemuel_zombie_altar_yredelemnul, minmay_shallow_snake_nest,
          uniq_crazy_yiuf_cottage

Skill      XL: |  1  2  3  4  5 |
---------------+----------------+-----
Armour         | 2 |  2.8
Dodging        | 1 2 |  2.0
Unarmed Combat | 4 |  4.8
Fighting       | 4 |  4.0

Action                   |  1- 3 |  4- 6 || total
-------------------------+-------+-------++-------
Melee: Unarmed           |   150 |    75 ||   225
       Punch             |     1 |     3 ||     4
  Use: Potion            |     1 |     1 ||     2
  Eat: Chunk             |     8 |     2 ||    10
Armor: Leather armour    |    90 |    43 ||   133
Dodge: Dodged            |   120 |    89 ||   209
